 Dungeon Sprint DCSS version 0.26.1-2-gb8aa6d0cf2 (webtiles) character file.

Game seed: 4737686120522921417

18503 Groucho the Peltast (level 12, -9/125 HPs)
             Began as a Minotaur Fighter on Feb 16, 2021.
             Was the Champion of Cheibriados.
             Killed from afar by a fire dragon (35 damage)
             ... with a blast of flame
             ... in the Dungeon (Sprint IX: "|||||||||||||||||||||||||||||").
             The game lasted 00:07:20 (3295 turns).

Groucho the Peltast (Minotaur Fighter)              Turns: 3295, Time: 00:07:20

Health: -9/125     AC: 26    Str: 36    XL:     12   Next: 28%
Magic:  10/20      EV: 11    Int: 20    God:    Cheibriados [******]
Gold:   367        SH: 18    Dex: 30    Spells: 7/11 levels left

rFire    . . .     SeeInvis +   b - +1 broad axe (vorpal)
rCold    . . .     Faith    .   c - +0 kite shield
rNeg     . . .     Spirit   .   q - +0 plate armour
rPois    .         Reflect  .   (helmet restricted)
rElec    .         Harm     .   r - +1 cloak
rCorr    .         Rampage  .   F - +1 pair of gloves
Will     .....     NoTele   +   G - +1 pair of boots
Stlth    ..........             (no amulet)
HPRegen  0.30/turn              o - +2 ring of evasion
MPRegen  0.17/turn              C - ring of see invisible

@: very slow
A: retaliatory headbutt, horns 2
a: Renounce Religion, Bend Time, Temporal Distortion, Slouch, Step From Time


You were in the Dungeon.
You worshipped Cheibriados.
Cheibriados was exalted by your worship.
You visited 1 branch You collected 1919 gold pieces.
You spent 1552 gold pieces at shops.

Inventory:

Hand Weapons
 b - a +1 vorpal broad axe (weapon)
 s - a +2 morningstar of protection
 y - a +1 broad axe
 z - the +8 whip "Snakebite" {curare, rPois}
   (You bought it in a shop in the Dungeon)

   It poisons the flesh of those it strikes.
   It protects you from poison.
Missiles
 x - 4 boomerangs (quivered)
 A - 4 javelins
Armour
 c - a +0 kite shield (worn)
 q - a +0 plate armour (worn)
 r - a +1 cloak (worn)
 F - a +1 pair of gloves (worn)
 G - a +1 pair of boots (worn)
Jewellery
 o - a +2 ring of evasion (left hand)
 p - a +2 ring of evasion
 C - a ring of see invisible (right hand)
 D - an uncursed ring of protection from fire
 E - an uncursed ring of protection from fire
Wands
 a - a wand of paralysis (11)
 n - a wand of iceblast (10)
 B - a wand of digging (4)
Scrolls
 j - 3 scrolls of blinking
 l - 4 scrolls of remove curse
 m - 2 scrolls of amnesia
 t - 7 scrolls of enchant armour
 u - 3 scrolls of identify
 H - a scroll of fog
 I - 4 scrolls of enchant weapon
Potions
 d - a potion of might
 e - 6 potions of curing
 f - 4 potions of heal wounds
 g - 5 potions of haste
 h - 3 potions of magic
 i - a potion of berserk rage
 k - a potion of invisibility
 v - a potion of ambrosia
 w - a potion of resistance


   Skills:
 + Level 17.1 Fighting
 + Level 17.0 Axes
 + Level 17.1 Armour
 + Level 17.1 Shields
 + Level 12.3 Invocations


You had 7 spell levels left.
You knew the following spells:

 Your Spells              Type           Power        Failure   Level
a - Animate Skeleton      Necr           0%           58%         1
b - Apportation           Tloc           0%           58%         1
c - Corona                Hex            0%           58%         1
d - Summon Small Mammal   Summ           0%           58%         1

Your spell library contained the following spells:

 Spells                   Type           Power        Failure   Level


Dungeon Overview and Level Annotations

Branches:
Dungeon (1/1)

Altars:
Cheibriados
Dithmenos
Elyvilon
Fedhas
Gozag
Hepliaklqana
Kikubaaqudgha
Makhleb
Nemelex Xobeh
Okawaru
Qazlal
Ru
Sif Muna
Trog
Uskayaw
Vehumet
Wu Jian
Xom
Yredelemnul
Zin
The Shining One
Beogh
Jiyva
Lugonu

Shops:
D :(*(


Innate Abilities, Weirdness & Mutations

You reflexively headbutt those who attack you in melee.
You have a pair of horns on your head.


Message History

Cheibriados appreciates the change of pace.
You slice the cyan ugly thing!! You headbutt the cyan ugly thing.
You kill the cyan ugly thing!
Cheibriados thoroughly appreciates the change of pace.
Cheibriados raises the support of your attributes as your movement slows.
Your Axes skill increases to level 17!
Unknown command.
Unknown command.
The fire dragon breathes flames at you. The blast of flame misses you.
The fire dragon bites you!
* * * LOW HITPOINT WARNING * * *
The fire dragon claws you but does no damage.
The fire dragon tramples you but does no damage.
Items here: ( )) [ ††.
You slash the fire dragon!
You headbutt the fire dragon, but do no damage.
The fire dragon is heavily wounded.
The fire dragon breathes flames at you. The blast of flame hits you!!
You die...

▓.▓)▓.▓.▓.▓)▓
▓.▓.▓∩▓.▓.▓.▓.▓
▓.▓.▓)▓.▓.▓.▓.▓
▓.▓.▓∩▓.▓.▓.▓.▓
▓)▓.▓)▓.▓.▓.▓[▓
▓O▓.▓∩▓.▓.▓.▓[▓
▓C▓)▓)▓.▓.▓.▓.▓
▓D▓.▓)▓.▓.▓.▓)▓
▓@▓.▓.▓.▓.▓.▓.▓
▓)▓.▓.▓.▓.▓.▓.▓
▓.▓.▓[▓.▓'▓.▓'▓
▓.▓.▓'▓.▓†▓.▓_▓
▓.▓.▓)▓.▓†▓.▓_▓
▓.▓.▓.▓.▓†▓.▓_▓
▓.▓.▓.▓.▓.▓.▓_▓
▓.▓.▓.▓.▓.▓.▓_▓
▓.▓.▓.▓.▓.▓.▓_▓


You could see a fire dragon (catching breath), a stone giant and an ogre mage.

Vanquished Creatures
  A fire giant (D)
  A frost giant (D)
  Urug (D)
  An orc high priest (D)
  An unseen horror (D)
  2 orc knights (D)
  An ugly thing (D)
  A deep elf mage (D)
  8 orc sorcerers (D)
  2 cyclopes (D)
  8 elephants (D)
  Psyche (D)
  A black mamba (D)
  A gargoyle (D)
  3 cane toads (D)
  A komodo dragon (D)
  An efreet (D)
  A polar bear (D)
  2 blink frogs (D)
  A wyvern (D)
  A yak (shapeshifter) (D)
  3 yaks (D)
  2 basilisks (D)
  2 acid dragons (D)
  2 water moccasins (D)
  9 orc warriors (D)
  2 sky beasts (D)
  A necrophage (D)
  A wolf (D)
  2 ogres (D)
  A centaur (D)
  4 bullfrogs (D)
  5 orc priests (D)
  11 orc wizards (D)
  An ufetubus (D)
  An adder skeleton (D)
  2 leopard geckos (D)
  4 orcs (D)
  A bat skeleton (D)
  A bat zombie (D)
  A giant cockroach (D)
  2 hobgoblins (D)
  A bat (D)
99 creatures vanquished.

Notes
Turn   | Place    | Note
-------+----------+-------------------------------------------
     0 | D        | Groucho the Minotaur Fighter began the quest for the Orb.
     0 | D        | Reached XP level 1. HP: 19/19 MP: 0/0
   118 | D        | Noticed a sky beast
   118 | D        | Noticed a sky beast
   124 | D        | Killed a sky beast
   125 | D        | Reached skill level 5 in Axes
   125 | D        | Reached XP level 2. HP: 31/31 MP: 1/1
   125 | D        | Reached XP level 3. HP: 38/38 MP: 2/2
   125 | D        | Reached XP level 4. HP: 45/45 MP: 3/3
   128 | D        | Killed a sky beast
   129 | D        | Reached XP level 5. HP: 49/52 MP: 4/4
   161 | D        | Found a roughly hewn altar of Beogh.
   161 | D        | Found a snail-covered altar of Cheibriados.
   161 | D        | Found a shadowy altar of Dithmenos.
   161 | D        | Found a white marble altar of Elyvilon.
   161 | D        | Found a blossoming altar of Fedhas.
   161 | D        | Found an opulent altar of Gozag.
   162 | D        | Found a hazy altar of Hepliaklqana.
   163 | D        | Found a viscous altar of Jiyva.
   164 | D        | Found an ancient bone altar of Kikubaaqudgha.
   165 | D        | Became a worshipper of Cheibriados the Contemplative
   166 | D        | Found a corrupted altar of Lugonu.
   167 | D        | Found a burning altar of Makhleb.
   168 | D        | Found a sparkling altar of Nemelex Xobeh.
   169 | D        | Found an iron altar of Okawaru.
   170 | D        | Found a stormy altar of Qazlal.
   171 | D        | Found a sacrificial altar of Ru.
   172 | D        | Found a shimmering blue altar of Sif Muna.
   173 | D        | Found a bloodstained altar of Trog.
   174 | D        | Found a hide-covered altar of Uskayaw.
   175 | D        | Found a radiant altar of Vehumet.
   176 | D        | Found an ornate altar of the Wu Jian Council.
   177 | D        | Found a shimmering altar of Xom.
   178 | D        | Found a basalt altar of Yredelemnul.
   179 | D        | Found a glowing silver altar of Zin.
   180 | D        | Found a glowing golden altar of the Shining One.
   242 | D        | Noticed a gargoyle
   242 | D        | Noticed a yak
   242 | D        | Noticed an ogre
   242 | D        | Noticed a necrophage
   242 | D        | Noticed an ogre
   245 | D        | Killed an ogre
   246 | D        | Reached XP level 6. HP: 48/62 MP: 5/5
   254 | D        | Reached * piety under Cheibriados
   256 | D        | Killed a yak
   257 | D        | Reached XP level 7. HP: 22/71 MP: 6/6
   258 | D        | Killed a gargoyle
   258 | D        | Reached ** piety under Cheibriados
   259 | D        | Reached skill level 10 in Fighting
   259 | D        | Reached skill level 10 in Axes
   259 | D        | Reached skill level 10 in Armour
   259 | D        | Reached skill level 10 in Shields
   369 | D        | Noticed a hog
   369 | D        | Noticed a cyclops
   376 | D        | Reached *** piety under Cheibriados
   377 | D        | Reached skill level 1 in Invocations
   377 | D        | Reached XP level 8. HP: 57/82 MP: 6/8
   378 | D        | Killed an unseen horror
   378 | D        | Reached **** piety under Cheibriados
   378 | D        | Noticed a black mamba
   378 | D        | a hog changed into a black mamba
   381 | D        | Noticed a komodo dragon
   381 | D        | a black mamba changed into a komodo dragon
   382 | D        | Killed a cyclops
   387 | D        | a komodo dragon changed into a yak
   924 | D        | Noticed a blink frog
   924 | D        | Noticed a komodo dragon
   926 | D        | Noticed a polar bear
   930 | D        | Killed a komodo dragon
   935 | D        | Reached ***** piety under Cheibriados
   936 | D        | Reached XP level 9. HP: 42/90 MP: 11/11
   937 | D        | Reached skill level 5 in Invocations
   946 | D        | Killed a polar bear
   949 | D        | Reached ****** piety under Cheibriados
  1400 | D        | Noticed a cane toad
  1400 | D        | Noticed a cane toad
  1400 | D        | Noticed a cane toad
  1406 | D        | Noticed a black mamba
  1410 | D        | Killed a cane toad
  1413 | D        | Killed a cane toad
  1415 | D        | Killed a black mamba
  1416 | D        | Reached XP level 10. HP: 72/101 MP: 7/14
  1416 | D        | Killed a cane toad
  1614 | D        | Noticed an elephant
  1614 | D        | Noticed an elephant
  1614 | D        | Noticed an elephant
  1614 | D        | Noticed an elephant
  1614 | D        | Noticed an elephant
  1614 | D        | Noticed an elephant
  1614 | D        | Noticed an elephant
  1621 | D        | Killed an elephant
  1626 | D        | Killed an elephant
  1629 | D        | Killed an elephant
  1634 | D        | Killed an elephant
  1638 | D        | Killed an elephant
  1641 | D        | Killed an elephant
  1645 | D        | Killed an elephant
  1674 | D        | Noticed an elephant
  1679 | D        | Killed an elephant
  1816 | D        | Noticed an orc high priest
  1828 | D        | Killed an orc high priest
  1829 | D        | Reached skill level 15 in Fighting
  1829 | D        | Reached skill level 15 in Armour
  1829 | D        | Reached XP level 11. HP: 90/112 MP: 9/17
  1830 | D        | Reached skill level 15 in Shields
  1988 | D        | Noticed an orc sorcerer
  1988 | D        | Noticed an orc sorcerer
  1991 | D        | Killed an orc sorcerer
  1992 | D        | Noticed an orc knight
  1994 | D        | Killed an orc sorcerer
  1995 | D        | Reached skill level 15 in Axes
  1995 | D        | Reached skill level 10 in Invocations
  1996 | D        | Noticed an orc knight
  1998 | D        | Killed an orc knight
  2015 | D        | Killed an orc knight
  2375 | D        | Found Bujen's Weapon Boutique.
  2375 | D        | Noticed an orc sorcerer
  2375 | D        | Noticed an orc sorcerer
  2375 | D        | Noticed an orc sorcerer
  2379 | D        | Killed an orc sorcerer
  2380 | D        | Noticed an orc sorcerer
  2382 | D        | Killed an orc sorcerer
  2390 | D        | Paralysed by an orc sorcerer for 4 turns
  2394 | D        | Noticed a sun demon
  2395 | D        | Killed an orc sorcerer
  2396 | D        | Killed an orc sorcerer
  2750 | D        | Found Jeuju's General Store.
  2754 | D        | Found Couxziffom's Antique Weapon Boutique.
  2757 | D        | Found Esoased's Book Shop.
  2757 | D        | Noticed an orc sorcerer
  2758 | D        | Noticed an orc sorcerer
  2761 | D        | Killed an orc sorcerer
  2761 | D        | Killed an orc sorcerer
  2792 | D        | Bought a scroll of identify for 26 gold pieces
  2794 | D        | Bought the +8 whip "Snakebite" {curare, rPois} for 1246
                  | gold pieces
  2794 | D        | Found the +8 whip "Snakebite" {curare, rPois}
  2796 | D        | Bought a book of Cantrips for 280 gold pieces
  2798 | D        | Learned a level 1 spell: Animate Skeleton
  2800 | D        | Learned a level 1 spell: Apportation
  2802 | D        | Learned a level 1 spell: Corona
  2804 | D        | Learned a level 1 spell: Summon Small Mammal
  2878 | D        | Noticed Urug
  2885 | D        | Killed Urug
  3051 | D        | Noticed Psyche
  3064 | D        | Killed Psyche
  3250 | D        | Noticed a deep elf mage
  3254 | D        | Killed a deep elf mage
  3273 | D        | Noticed a frost giant
  3274 | D        | Noticed a fire giant
  3275 | D        | Noticed a cyan ugly thing
  3278 | D        | Killed a fire giant
  3278 | D        | Noticed a fire dragon
  3279 | D        | Reached XP level 12. HP: 76/124 MP: 2/19
  3285 | D        | Noticed a stone giant
  3290 | D        | Killed a frost giant
  3290 | D        | Noticed an ogre mage
  3295 | D        | Killed from afar by a fire dragon

Illustrated notes

Levels and vault maps discovered:
D:        linesprint [early_d, line_temple, items_1, d_10, items_2, lair_1,
          lair_end, items_3, orc_1, orc_end, items_4, d_15, swamp_1, shoals_1,
          snake_1, spider_1, d_20, vaults_1, items_5, swamp_end, shoals_end,
          snake_end, spider_end, vaults_end, d_27, items_6, zot_1, zot_end,
          crypt_end, forest_end, elf_end, slime_end, tomb_end, abyss_end,
          pan_hell_end]

Skill      XL: |  1  2  3  4  5  6  7  8  9 10 11 12 |
---------------+-------------------------------------+-----
Fighting       | 6 7 8 9 11 12 13 15 16 17 | 17.1
Armour         | 6 7 8 9 11 12 13 15 16 17 | 17.1
Shields        | 6 7 8 9 11 12 13 14 16 17 | 17.1
Axes           | 5 7 9 10 11 13 14 16 17 | 17.0
Invocations    | 1 4 7 9 11 12 | 12.3

Action                   |  1- 3 |  4- 6 |  7- 9 | 10-12 || total
-------------------------+-------+-------+-------+-------++-------
Melee: War axe           |    18 |    11 |       |       ||    29
       Headbutt          |     2 |     5 |    19 |    48 ||    74
       Broad axe         |       |    14 |    57 |   112 ||   183
Throw: Boomerang         |       |       |       |     5 ||     5
Invok: Slouch            |       |       |     1 |    19 ||    20
  Use: Potion            |       |       |     2 |     5 ||     7
Armor: Scale mail        |     7 |     4 |       |       ||    11
       Plate armour      |       |     2 |    22 |    27 ||    51
Dodge: Dodged            |     4 |     7 |    14 |    22 ||    47
Block: Kite shield       |     6 |    12 |    38 |    71 ||   127
